 Dungeon Crawl Stone Soup version 0.31.0-10-gcf4a605ca0 (webtiles) character file.

Game seed: 9044064068437573889

1420 Sobieck the Thaumaturge (level 8, 0/41 HPs)
             Began as a Deep Elf Conjurer on Jan 25, 2024.
             Was an Initiate of Vehumet.
             Slain by an orc warrior
             ... wielding a +0 war axe
              (8 damage)
             ... on level 6 of the Dungeon.
             The game lasted 00:10:22 (6305 turns).

Sobieck the Thaumaturge (Deep Elf Conjurer)         Turns: 6305, Time: 00:10:22

Health: 0/41       AC:  2    Str:  4    XL:     8   Next: 43%
Magic:  19/23      EV: 12    Int: 26    God:    Vehumet [......]
Gold:   381        SH:  0    Dex: 13    Spells: 14/25 levels left

rFire   . . .        (no weapon)
rCold   . . .        (no shield)
rNeg    + . .        a - +0 robe
rPois   .            (no helmet)
rElec   .            (no cloak)
rCorr   .            (no gloves)
SInv    .            (no boots)
Will    .....        r - amulet of regeneration
Stlth   ++           n - ring of positive energy
HPRegen 1.06/turn    (no ring)
MPRegen 0.18/turn

%: no passive effects
@: no status effects
A: no striking features
a: Renounce Religion


You were on level 6 of the Dungeon.
You worshipped Vehumet.
Vehumet was noncommittal.
You visited 2 branches of the dungeon, and saw 7 of its levels.

You collected 381 gold pieces.

Inventory:

Armour
 a - a +0 robe (worn)
Jewellery
 k - an amulet of the acrobat
 n - a ring of positive energy (left hand)
 q - an amulet of guardian spirit
 r - an amulet of regeneration (around neck)
Wands
 V - a wand of flame (23)
Scrolls
 c - a scroll of blinking {unknown}
 j - a scroll of vulnerability {unknown}
 l - a scroll of poison
 o - 2 scrolls of teleportation {unknown}
Potions
 b - 2 potions of magic
 d - a potion of ambrosia {unknown}
 e - a potion of berserk rage {unknown}
 f - a potion of invisibility
 g - 2 potions of lignification {unknown}
 h - a potion of heal wounds {unknown}
 i - a potion of enlightenment {unknown}
 m - a potion of attraction {unknown}
 p - 2 potions of might {unknown}
 Q - a potion of curing


   Skills:
 - Level 2.4 Dodging
 - Level 2.4 Stealth
 + Level 9.2 Spellcasting
 + Level 8.4 Conjurations
 - Level 5.0 Alchemy


You had 14 spell levels left.
You knew the following spells:

 Your Spells              Type           Power      Damage    Failure   Level
a - Magic Dart            Conj           100%       1d8       1%          1
b - Searing Ray           Conj           100%       2d8       1%          2
c - Fulminant Prism       Conj/Alch      23%        3d12      3%          4
d - Iskenderun's Mystic   Conj/Tloc      33%        2d8       9%          4

Your spell library contained the following spells:

 Spells                   Type           Power      Damage    Failure   Level
 Dazzling Flash           Conj/Hex       66%        N/A       2%          3
 Mephitic Cloud           Conj/Alch/Air  35%        N/A       2%          3
 Slow                     Hex            44%        N/A       4%          1
 Confusing Touch          Hex            11%        N/A       16%         3
 Sigil of Binding         Hex            11%        N/A       16%         3
 Vampiric Draining        Necr           11%        2d6       16%         3
 Curse of Agony           Necr           11%        N/A       80%         5
 Silence                  Hex/Air        5%         N/A       80%         5


Dungeon Overview and Level Annotations

Branches:
Dungeon (6/15)             Temple (1/1) D:6

Altars:
Cheibriados
Dithmenos
Elyvilon
Fedhas
Gozag
Hepliaklqana
Kikubaaqudgha
Makhleb
Nemelex Xobeh
Okawaru
Qazlal
Ru
Sif Muna
Trog
Uskayaw
Vehumet
Wu Jian
Xom
Yredelemnul
Zin
The Shining One

Annotations:
D:5 3 runed translucent doors, scroll in water, dialectric's ghost, weakling GrDe


Message History

You open the door.
Found three altars.
Found a hide-covered altar of Uskayaw.
There is an open door here.
Found a bloodstained altar of Trog.
There is a radiant altar of Vehumet here.
You kneel at the altar of Vehumet.
Vehumet welcomes you!
There is an open door here.
Magic restored.
There is an open door here.
There is a staircase back to the Dungeon here.
Unknown command.
Unknown command.
Okay, then.
Unknown command.
You climb upwards.
Welcome back to the Dungeon!
The ogre shouts!
The orc wizard shouts!
You hear an angry hiss.
The sleepcap misses you.
An orc comes into view. It is wielding a +0 club.
The orc warrior hits you with a +0 war axe!
The sleepcap barely misses you.
The orc warrior hits you with a +0 war axe!
* * * LOW HITPOINT WARNING * * *
The orc hits you but does no damage.
An iguana comes into view.
The orc shouts!
There is a staircase to the Ecumenical Temple, spattered with blood here.
You see here a +0 whip.
Danger!
Unknown command.
Unknown command.
Casting: Iskenderun's Mystic Blast (quite dangerous; 9% risk of failure)
Confirm with . or Enter, or press ? or * to list all spells.
You erupt in a blast of force!
The mystic blast hits the sleepcap.
The sleepcap is lightly damaged.
The sleepcap is knocked back by the mystic blast.
The mystic blast hits the orc warrior but does no damage.
The mystic blast hits the orc!
You kill the orc!
Vehumet accepts your kill.
The steam dragon hisses angrily.
The orc warrior hits you with a +0 war axe.
* * * LOW HITPOINT WARNING * * *
Unknown command.
Okay, then.
Unknown command.
The orc warrior attacks as it pursues you!
The orc warrior hits you with a +0 war axe!
You die...

#.####'####...##..##.####.####
#.#≈≈≈.≈≈≈#.............#.....
#.#≈≈...≈≈#.............#.....
#.#≈...[.≈#..†..........'.....
#.'.......+.......##...####'##
###≈.....≈#####o####...##...##
#≈≈...≈§#...o........#....##
#≈≈≈§§§§#..f.........#......
####'####..@.........#......
#......o..>..###+###.....
######.......# #...##
#.......# +....# ..........
##...# #..O........ #...#
#...l....... .....
#........... #..........


You could see an orc warrior, an ogre, a sleepcap, an iguana, an orc wizard and
an orc.

Vanquished Creatures
  Eustachio (D:5)
  Edmund (D:5)
  A sky beast (D:6)
  An ice beast (D:5)
  2 scorpions (D:5)
  A gnoll sergeant (D:5)
  A howler monkey (D:4)
  6 bombardier beetles
  A hound (D:5)
  A gnoll bouda (D:5)
  An orc priest (D:6)
  2 orc wizards
  9 adders
  26 gnolls
  2 ribbon worms (D:2)
  2 dart slugs
  11 orcs
  9 ball pythons
  5 endoplasms
  5 goblins (D:1)
  10 hobgoblins
  3 kobolds
  6 quokkas
  6 bats
  2 frilled lizards (D:1)
  3 rats
118 creatures vanquished.

Vanquished Creatures (others)
  9 fulminant prisms
9 creatures vanquished.

Grand Total: 127 creatures vanquished

Notes
Turn   | Place    | Note
-------+----------+-------------------------------------------
     0 | D:1      | Sobieck the Deep Elf Conjurer began the quest for the Orb.
     0 | D:1      | Reached XP level 1. HP: 10/10 MP: 6/6
   239 | D:1      | Reached skill level 1 in Alchemy
   239 | D:1      | Reached XP level 2. HP: 15/15 MP: 5/8
   304 | D:1      | Learned a level 2 spell: Searing Ray
   988 | D:1      | Reached XP level 3. HP: 19/19 MP: 6/10
  1387 | D:2      | Reached skill level 4 in Spellcasting
  1932 | D:2      | Reached XP level 4. HP: 24/24 MP: 9/12
  2021 | D:2      | Learned a level 4 spell: Fulminant Prism
  2308 | D:2      | Reached XP level 5. HP: 25/28 MP: 11/14
  2491 | D:3      | Reached skill level 5 in Spellcasting
  2494 | D:3      | Reached skill level 3 in Alchemy
  2706 | D:3      | Found an iron altar of Okawaru.
  3223 | D:3      | Reached XP level 6. HP: 32/32 MP: 12/16
  3228 | D:3      | Learned a level 4 spell: Iskenderun's Mystic Blast
  3818 | D:4      | Reached skill level 6 in Conjurations
  4030 | D:4      | Reached skill level 6 in Spellcasting
  4307 | D:5      | Entered Level 5 of the Dungeon
  4463 | D:5      | Found a runed translucent gate.
  4465 | D:5      | Found a runed translucent gate.
  4465 | D:5      | Found a runed translucent gate.
  4465 | D:5      | Noticed dialectric's ghost (weakling GrDe)
  4512 | D:5      | Noticed Edmund
  4523 | D:5      | Reached XP level 7. HP: 27/36 MP: 12/18
  4775 | D:5      | Found a white marble altar of Elyvilon.
  4790 | D:5      | Reached skill level 7 in Spellcasting
  5186 | D:5      | Found a snail-covered altar of Cheibriados.
  5269 | D:5      | Noticed Eustachio
  5280 | D:5      | Killed Eustachio
  5281 | D:5      | Reached skill level 8 in Spellcasting
  5281 | D:5      | Reached XP level 8. HP: 41/41 MP: 7/22
  5896 | D:5      | Killed Edmund
  6104 | D:6      | Found a staircase to the Ecumenical Temple.
  6165 | D:6      | Reached skill level 9 in Spellcasting
  6196 | Temple   | Entered the Ecumenical Temple
  6250 | Temple   | Became a worshipper of Vehumet
  6305 | D:6      | Slain by an orc warrior

Illustrated notes

Levels and vault maps discovered:
D:1:      lemuel_arrival_hallway, layout_basic, serial_bayou,
          serial_bayou_pond_e, serial_bayou_crossing, serial_bayou_pond_c,
          serial_bayou_lagoon_a, serial_bayou_lake_a, hex_large
D:2:      layout_basic, corexii_corridor_pit, minivault_25
D:3:      layout_basic, nicolae_overflow_crystal_walls
D:4:      layout_cave_pools
D:5:      layout_cave_pods, slow_altar_1, elyvilon_altar_5,
          gammafunk_ghost_nasty_kobolds, corexii_item_surrounded_by_moat,
          uniq_edmund, uniq_eustachio
D:6:      layout_gridville, nicolae_ashenzari_panopticon,
          minmay_temple_entry_proselytizer, kennysheep_generic_room_8
Temple:   dpeg_five_rooms_temple

Skill      XL: |  1  2  3  4  5  6  7  8 |
---------------+-------------------------+-----
Alchemy        | 1 2 3 4 5 |  5.0
Spellcasting   | 4 5 6 8 9 |  9.2
Conjurations   | 5 6 7 8 |  8.4
Dodging        | |  2.4
Stealth        | |  2.4

Action                     |  1- 3 |  4- 6 |  7- 9 || total
---------------------------+-------+-------+-------++-------
   Cast: Magic Dart        |    75 |    70 |    27 ||   172
         Searing Ray       |     3 |    22 |    12 ||    37
         Fulminant Prism   |       |       |     9 ||     9
         Iskenderun's Myst |       |       |     4 ||     4
    Use: Scroll            |       |     6 |       ||     6
 Armour: Robe              |     4 |     5 |     9 ||    18
  Dodge: Dodged            |     5 |     7 |     6 ||    18
